[Event "*** Titled Tuesday Blitz"]
[Site "Chess.com"]
[Date "2021.02.16"]
[Round "1"]
[White "Nachsueb"]
[Black "Mikhail_Golubev"]
[Result "0-1"]
[WhiteElo "2178"]
[BlackElo "2518"]
[TimeControl "180+1"]
[EndTime "10:01:33 PST"]
[Termination "Mikhail_Golubev won by resignation"]

1. d4 Nf6 2. c4 g6 3. Nc3 Bg7 4. e4 d6 5. f4 O-O 6. Nf3 c5 7. d5 e6 8. dxe6 fxe6 9. Bd3 Nc6 10. O-O a6 11. a4 Nd4 12. Be3 Ng4 13. Bxd4 cxd4 14.
Ne2 Ne3 15. Qc2 Nxc2 0-1

[Event "*** Titled Tuesday Blitz"]
[Site "Chess.com"]
[Date "2021.02.16"]
[Round "1"]
[White "Grandmaster2B"]
[Black "FairChess_on_YouTube"]
[Result "0-1"]
[WhiteElo "2463"]
[BlackElo "2935"]
[TimeControl "180+1"]
[EndTime "10:01:59 PST"]
[Termination "FairChess_on_YouTube won by resignation"]

1. e4 c5 2. Nf3 d6 3. d4 cxd4 4. Nxd4 Nf6 5. Nc3 a6 6. f3 Nc6 7.
Be3 e5 8. Nb3 Be6 9. Nd5 Bxd5 10. exd5 Ne7 11. c4 g6 12. Bd3 Bg7 13. O-O O-O 14. Rc1 b5 15. Qd2 Qb8 16. Na5 Rc8 17. Rfd1 bxc4 18. Bxc4 e4 19. f4 Ng4 20. Bd4 Bxd4+ 21.
Qxd4 Nf5 22. Qc3 0-1

[Event "*** Titled Tuesday Blitz"]
[Site "Chess.com"]
[Date "2021.02.16"]
[Round "1"]
[White "Rap_woyska"]
[Black "ailime26"]
[Result "1-0"]
[WhiteElo "2504"]
[BlackElo "2118"]
[TimeControl "180+1"]
[EndTime "10:02:20 PST"]
[Termination "Rap_woyska won by resignation"]

1. c4 e6 2. g3 g6 3. Bg2 Bg7 4. Nc3 Nf6 5. e4 d6 6. d4 b6 7. e5 d5 8. exf6 Bxf6 9. cxd5 exd5 10. Nxd5 c6 11. Nxf6+ Qxf6 12. Ne2 O-O 13. O-O Ba6 14. Re1 Re8 15. Be3 Nd7 16. Nc3 Rad8 17. Qf3 Qg7 18. Qxc6 Nf6 19. Bg5 Ng4 20. Rxe8+ 1-0

[Event "*** Titled Tuesday Blitz"]
[Site "Chess.com"]
[Date "2021.02.16"]
[Round "1"]
[White "josiwales"]
[Black "ferdipy"]
[Result "1-0"]
[WhiteElo "2635"]
[BlackElo "2335"]
[TimeControl "180+1"]
[EndTime "10:02:44 PST"]
[Termination "josiwales won by resignation"]

1. e4 e6 2. d3 d5 3. Qe2 Nf6 4.
Nf3 Bc5 5. e5 Nfd7 6. g3 O-O 7.
Bg2 f6 8. d4 Be7 9. O-O f5 10.
Nc3 c5 11. h4 Nc6 12. Bf4 a6 13. Rad1 cxd4 14. Nxd4 Nxd4 15. Rxd4 Qb6 16. Rd3 Qxb2 17. Rb1 Qa3 18. Nxd5 Qc5 19. Be3 1-0

[Event "*** Titled Tuesday Blitz"]
[Site "Chess.com"]
[Date "2021.02.16"]
[Round "1"]
[White "StockholmMissile"]
[Black "SophieNikoladze"]
[Result "1-0"]
[WhiteElo "2519"]
[BlackElo "2179"]
[TimeControl "180+1"]
[EndTime "10:02:45 PST"]
[Termination "StockholmMissile won by resignation"]

1. d4 b5 2. e4 Bb7 3. Bxb5 Bxe4 4. Nf3 Nf6 5. O-O e6 6. c4 c5 7. Nc3 cxd4 8. Nxe4 Nxe4 9. Qxd4 Nf6 10. Bf4 Be7 11. Rfd1 a6 12. Ba4 Qa5 13. b3 O-O 14. Bd6 Bxd6 15.
Qxd6 Ne8 16. Qe7 Nc6 17. Qxd7 Nb4 18. a3 Nf6 19. Qd2 Rad8 20. Qxb4 1-0

[Event "*** Titled Tuesday Blitz"]
[Site "Chess.com"]
[Date "2021.02.16"]
[Round "1"]
[White "dropstoneDP"]
[Black "arminmusovic"]
[Result "1-0"]
[WhiteElo "2987"]
[BlackElo "2467"]
[TimeControl "180+1"]
[EndTime "10:03:02 PST"]
[Termination "dropstoneDP won by resignation"]

1. d4 d5 2. Nf3 c5 3. c4 Nf6 4. cxd5 cxd4 5. Nxd4 Nxd5 6. e4 Nf6 7.
Nc3 e5 8. Bb5+ Nbd7 9. Nf5 a6 10. Bc4 b5 11. Bd5 Rb8 12. Bxf7+ Kxf7 13. Qb3+ Kg6 14.
Nh4+ Kh5 15. Qd1+ Ng4 16. h3 Nf6 17. Qxd8 1-0

[Event "*** Titled Tuesday Blitz"]
[Site "Chess.com"]
[Date "2021.02.16"]
[Round "1"]
[White "thechesscorner64"]
[Black "A-Fier"]
[Result "0-1"]
[WhiteElo "2418"]
[BlackElo "2803"]
[TimeControl "180+1"]
[EndTime "10:03:07 PST"]
[Termination "A-Fier won by resignation"]

1. e4 c5 2. Nf3 e6 3. d4 cxd4 4. Nxd4 Nf6 5. Bd3 d6 6. c4 Be7 7. Nc3 Nc6 8. Be3 O-O 9. Rc1 Ne5 10. f3 Nxd3+ 11. Qxd3 Bd7 12. O-O a6 13. a4 Rc8 14.
Kh1 Qa5 15. b3 Rfd8 16. Bd2 Qe5 17. f4 Qh5 18. Qf3 Qxf3 19. Nxf3 Bc6 20. Rfe1 Nd7 21.
b4 b6 22. b5 Bb7 23. f5 Nc5 24. fxe6 fxe6 25. Bg5 Bxg5 26. Nxg5 h6 27. Nf3 Nd3 28. Red1 Nxc1 29. Rxc1 Rxc4 30. Kg1 Rdc8 0-1

[Event "*** Titled Tuesday Blitz"]
[Site "Chess.com"]
[Date "2021.02.16"]
[Round "1"]
[White "ZEN-22"]
[Black "joppie2"]
[Result "0-1"]
[WhiteElo "2467"]
[BlackElo "2991"]
[TimeControl "180+1"]
[EndTime "10:03:29 PST"]
[Termination "joppie2 won by resignation"]

1. e4 c6 2. d4 d5 3. Bg5 dxe4 4.
Nc3 Nf6 5. Bc4 Bf5 6. f3 exf3 7. Nxf3 e6 8. Qe2 Be7 9. Ne5 Nbd7 10. Bb3 Nxe5 11.
dxe5 Nd5 12. Bxe7 Qxe7 13. Nxd5 exd5 14. O-O Be4 15. Qh5 O-O 16. Rae1 Rae8 17. Rxe4 dxe4 18. Rf4 g6 19. Qh6 Qc5+ 20. Kf1 Qxe5 21. Rh4 Qg7 22. Qe3 Qxb2 23. Rxe4 Rxe4 24. Qxe4 Qf6+ 25. Kg1 Kg7 26. h4 Rd8 27. h5 Qd4+ 0-1

[Event "*** Titled Tuesday Blitz"]
[Site "Chess.com"]
[Date "2021.02.16"]
[Round "1"]
[White "AustrianFalcon"]
[Black "fish7728"]
[Result "1-0"]
[WhiteElo "2533"]
[BlackElo "2199"]
[TimeControl "180+1"]
[EndTime "10:03:33 PST"]
[Termination "AustrianFalcon won by resignation"]

1. e4 c5 2. Nf3 e6 3. d4 cxd4 4.
Nxd4 a6 5. c4 Qc7 6. Nc3 Nf6 7.
Be2 Be7 8. Be3 O-O 9. g4 d6 10. g5 Nfd7 11. h4 Nc6 12. Qd2 Rd8 13. h5 g6 14.
hxg6 hxg6 15. O-O-O Bf8 16. f4 Bg7 17. f5 Nxd4 18. Bxd4 Ne5 19. f6 b5 20. fxg7 Kxg7 21.
Qf4 1-0

[Event "*** Titled Tuesday Blitz"]
[Site "Chess.com"]
[Date "2021.02.16"]
[Round "1"]
[White "LileKoridze"]
[Black "jacky72"]
[Result "0-1"]
[WhiteElo "2372"]
[BlackElo "2696"]
[TimeControl "180+1"]
[EndTime "10:03:34 PST"]
[Termination "jacky72 won by resignation"]

1. d4 Nf6 2. c4 g6 3. Nc3 Bg7 4. e4 O-O 5. Nf3 d6 6. Be2 Na6 7. O-O e5 8. Be3 c6 9. a3 exd4 10. Nxd4 Re8 11. Qc2 Qe7 12. f3 d5 13. Bg5 Qc5 14.
Be3 dxe4 15. fxe4 Ng4 16. Bxg4 Bxd4 0-1

[Event "*** Titled Tuesday Blitz"]
[Site "Chess.com"]
[Date "2021.02.16"]
[Round "1"]
[White "KeithArkell"]
[Black "ElCoachRene"]
[Result "1-0"]
[WhiteElo "2534"]
[BlackElo "2203"]
[TimeControl "180+1"]
[EndTime "10:03:36 PST"]
[Termination "KeithArkell won by resignation"]

1. d4 Nc6 2. Nf3 Nf6 3. d5 Nb4 4. c4 c5 5. Nc3 g6 6. e4 d6 7.
h3 Bg7 8. Be2 O-O 9. O-O Na6 10.
Bf4 Nd7 11. Qd2 Nc7 12. Rfe1 a6 13. a4 b6 14. Bf1 Ne8 15. e5 dxe5 16. Nxe5 Nxe5 17.
Bxe5 Nf6 18. Re3 Bh6 19. f4 Nd7 20. d6 Nxe5 21. Rxe5 exd6 22. Rd5 Qf6 23. g3 Rd8 24. Ne4 Qe7 25. Nxd6 Bb7 26. Nxb7 Qxb7 27. Rxd8+ Rxd8 28. Qxd8+ Kg7 29. Qd5 Qe7 30. Qe5+ Qxe5 31. fxe5 1-0

[Event "*** Titled Tuesday Blitz"]
[Site "Chess.com"]
[Date "2021.02.16"]
[Round "1"]
[White "MITerryble"]
[Black "Er_is_geen_hoop_meer"]
[Result "1-0"]
[WhiteElo "2923"]
[BlackElo "2457"]
[TimeControl "180+1"]
[EndTime "10:03:37 PST"]
[Termination "MITerryble won by resignation"]

1. e4 c5 2. Nf3 e6 3. Nc3 Nc6 4. Bb5 Nd4 5. O-O Nxb5 6. Nxb5 a6 7. Nc3 b5 8. d4 cxd4 9. Qxd4 Bb7 10. Bf4 Rc8 11. Rad1 Nf6 12. Bd6 Rc4 13. Qa7 Bxd6 14.
Qxb7 Qb8 15. Qxa6 Nxe4 16. Nxe4 Rc6 17. Nxd6+ Rxd6 18. Qxd6 1-0

[Event "*** Titled Tuesday Blitz"]
[Site "Chess.com"]
[Date "2021.02.16"]
[Round "1"]
[White "Rodalquilar"]
[Black "Triumphmate"]
[Result "1-0"]
[WhiteElo "2684"]
[BlackElo "2366"]
[TimeControl "180+1"]
[EndTime "10:03:48 PST"]
[Termination "Rodalquilar won by resignation"]

1. d4 d5 2. Nf3 e6 3. Bf4 f5 4. e3 Nf6 5. c4 c6 6. Nc3 Bd6 7. Bd3 O-O 8. O-O Ne4 9. Qc2 Qc7 10.
Bxd6 Qxd6 11. Ne5 Nd7 12. f4 Ndf6 13. Bxe4 fxe4 14. c5 Qe7 15. b4 Bd7 16. a4 Be8 17. g4 Nd7 18. Qg2 Nxe5 19. fxe5 Bg6 20. Ne2 Qg5 21.
Nf4 Rae8 22. Qg3 Qe7 23. h4 h6 24. Nxg6 1-0

[Event "*** Titled Tuesday Blitz"]
[Site "Chess.com"]
[Date "2021.02.16"]
[Round "1"]
[White "Chessbard1972"]
[Black "Sankalp_Gupta2003"]
[Result "0-1"]
[WhiteElo "2383"]
[BlackElo "2716"]
[TimeControl "180+1"]
[EndTime "10:03:57 PST"]
[Termination "Sankalp_Gupta2003 won by checkmate"]

1. e4 c6 2. d4 d5 3. e5 Bf5 4. Nf3 e6 5. Be2 Nd7 6. Nc3 Ne7 7. Be3 h6 8. h3 Bh7 9. g4 Ng6 10. h4 Be7 11. h5 Nh4 12. Nxh4 Bxh4 13. Qd2 c5 14. O-O-O c4 15. f4 Be7 16. f5 Qa5 17. fxe6 fxe6 18. g5 Bf5 19. gxh6 gxh6 20. Bxh6 b5 21. Bg7 Rh7 22. h6 b4 23. Bh5+ Kd8 24.
Nb1 Qxa2 25. Rhg1 c3 26. bxc3 b3 27. Qg2 bxc2 28. Nd2 Ba3# 0-1

[Event "*** Titled Tuesday Blitz"]
[Site "Chess.com"]
[Date "2021.02.16"]
[Round "1"]
[White "dretch"]
[Black "Danfii"]
[Result "1-0"]
[WhiteElo "2851"]
[BlackElo "2433"]
[TimeControl "180+1"]
[EndTime "10:03:58 PST"]
[Termination "dretch won by resignation"]

1. d4 e6 2. c4 Nf6 3. Nc3 Bb4 4. Qc2 Nc6 5. Nf3 d6 6. Bd2 O-O 7. a3 Bxc3 8. Bxc3 Re8 9. Rd1 Qe7 10. e4 e5 11. d5 Nb8 12. c5 Nbd7 13. cxd6 cxd6 14. Be2 a5 15. O-O Nc5 16. Bxe5 Nfxe4 17. Bd4 Bf5 18. Bxc5 dxc5 19. Bd3 Rac8 20. d6 Qd7 21. Nh4 c4 22. Nxf5 cxd3 23. Qxd3 Rc5 24. Ne7+ Kf8 25. Qxe4 1-0

[Event "*** Titled Tuesday Blitz"]
[Site "Chess.com"]
[Date "2021.02.16"]
[Round "1"]
[White "Sibelephant"]
[Black "szachuspl"]
[Result "1-0"]
[WhiteElo "3023"]
[BlackElo "2469"]
[TimeControl "180+1"]
[EndTime "10:04:06 PST"]
[Termination "Sibelephant won by resignation"]

1. e4 c5 2. Nc3 Nc6 3. g3 g6 4.
Bg2 Bg7 5. d3 d6 6. Be3 e6 7.
Qd2 h5 8. h3 Nge7 9. Nge2 Nd4 10.
O-O Bd7 11. Nd1 O-O 12. c3 Nxe2+ 13. Qxe2 Bc6 14. Bg5 Qd7 15. Qd2 b5 16. d4 cxd4 17.
cxd4 d5 18. e5 a5 19. Rc1 Rfc8 20. Ne3 b4 21. Rc5 Bb5 22. Rxb5 Qxb5 23. Bxe7 Bh6 24. g4 hxg4 25. hxg4 Ra7 26. Bf6 Rac7 27. g5 Bg7 28.
Ng4 Kh7 29. Qf4 Rh8 30. Bf3 Kg8 31. Bxg7 Kxg7 32. Qf6+ Kh7 33. Kg2 Kg8 34. Qd8+ 1-0

[Event "*** Titled Tuesday Blitz"]
[Site "Chess.com"]
[Date "2021.02.16"]
[Round "1"]
[White "exoticprincess"]
[Black "Atco84"]
[Result "1-0"]
[WhiteElo "2915"]
[BlackElo "2457"]
[TimeControl "180+1"]
[EndTime "10:04:10 PST"]
[Termination "exoticprincess won by resignation"]

1. d4 e6 2. Nc3 d5 3. Bf4 Nf6 4. Nb5 Na6 5. e3 Bb4+ 6. c3 Be7 7. a4 O-O 8. Nf3 c5 9. h3 Ne4 10. Bd3 f5 11. O-O Bd7 12. Ne5 c4 13. Bxe4 fxe4 14. f3 exf3 15. Qxf3 Bxb5 16. axb5 Nc7 17. Qg4 Bd6 18.
b6 axb6 19. Rxa8 Qxa8 20. Nd7 Bxf4 21. Nxf8 Bxe3+ 22. Kh1 Qe8 23. Qg3 1-0

[Event "*** Titled Tuesday Blitz"]
[Site "Chess.com"]
[Date "2021.02.16"]
[Round "1"]
[White "Tenamu"]
[Black "vugarrasulov"]
[Result "0-1"]
[WhiteElo "2410"]
[BlackElo "2781"]
[TimeControl "180+1"]
[EndTime "10:04:13 PST"]
[Termination "vugarrasulov won by resignation"]

1. e4 e5 2. Nf3 Nc6 3. d4 exd4 4. Nxd4 Bb4+ 5. Nc3 Nge7 6. Be3 O-O 7. a3 Bxc3+ 8.
bxc3 d5 9. Nxc6 bxc6 10. e5 Nf5 11. Bf4 Re8 12. Be2 g5 13. Bg3 Nxg3 14. hxg3 Rxe5 15. Qd2 Qe7 16. Kd1 Bf5 17. Bd3 Re8 18. Bxf5 Rxf5 19. Re1 Re5 20. Rxe5 Qxe5 21. Rb1 h6 22.
Rb4 c5 23. Rb7 d4 24. c4 d3 25. c3 Qe4 26. Rxc7 Qxc4 27. Kc1 Re2 28. Rc8+ Kg7 29. Qd1 0-1

[Event "*** Titled Tuesday Blitz"]
[Site "Chess.com"]
[Date "2021.02.16"]
[Round "1"]
[White "ural58"]
[Black "j2806"]
[Result "1-0"]
[WhiteElo "2499"]
[BlackElo "2105"]
[TimeControl "180+1"]
[EndTime "10:04:14 PST"]
[Termination "ural58 won by resignation"]

1. e4 c5 2. b3 d5 3. exd5 Qxd5 4. Nc3 Qd8 5. Bb2 Nf6 6. Bb5+ Bd7 7. Qe2 e6 8. O-O-O Be7 9. d4 cxd4 10. Rxd4 a6 11.
Bxd7+ Nbxd7 12. Nf3 Qc7 13. Rhd1 O-O 14. Ne4 Nc5 15.
Nxc5 Qxc5 16. Rc4 Qa5 17. Kb1 b5 18. Rh4 Nd5 19. Rxd5 exd5 20. Qxe7 Rfe8 21. Qb4 Qb6 22. Qd4 Qxd4 23. Bxd4 f6 24. Be3 h6 25. Rd4 Rad8 26.
Kb2 Kf7 27. h3 Ke6 28. Bd2 Kf5 29. Rd3 Re2 30. Nd4+ 1-0

[Event "*** Titled Tuesday Blitz"]
[Site "Chess.com"]
[Date "2021.02.16"]
[Round "1"]
[White "Doudou2015"]
[Black "Moultino06"]
[Result "0-1"]
[WhiteElo "2050"]
[BlackElo "2486"]
[TimeControl "180+1"]
[EndTime "10:04:16 PST"]
[Termination "Moultino06 won by resignation"]

1. Nf3 d5 2. g4 Bxg4 3. Rg1 Bxf3 4. exf3 e5 5. d4 exd4 6. Qxd4 Nc6 7. Qa4 Qe7+ 8. Be2 O-O-O 9. Bf4 Nf6 10. Nd2 Re8 11.
O-O-O Qxe2 12. Rge1 Qxe1 0-1

[Event "*** Titled Tuesday Blitz"]
[Site "Chess.com"]
[Date "2021.02.16"]
[Round "1"]
[White "Thjop"]
[Black "Unknown_IM"]
[Result "0-1"]
[WhiteElo "2649"]
[BlackElo "2374"]
[TimeControl "180+1"]
[EndTime "10:04:18 PST"]
[Termination "Unknown_IM won by resignation"]

1. e4 e5 2. Nf3 Nc6 3. Bc4 Bc5 4. d3 Nf6 5. O-O a6 6. c3 Ba7 7. Bb3 d6 8. Nbd2 O-O 9. Re1 Ng4 10. Re2 Kh8 11. h3 Nh6 12. Nf1 f5 13.
Bxh6 gxh6 14. exf5 Bxf5 15. Ng3 Bxh3 16. Re4 Qf6 17.
Rh4 Bxf2+ 18. Kxf2 Qxh4 19. gxh3 e4 20. dxe4 Ne5 21.
Qd4 Rxf3+ 22. Ke2 Qxg3 23. Rg1 Qh2+ 24. Kd1 Rd3+ 25. Qxd3 Qxg1+ 0-1

[Event "*** Titled Tuesday Blitz"]
[Site "Chess.com"]
[Date "2021.02.16"]
[Round "1"]
[White "Novoselski"]
[Black "InvisibleWarrior2252"]
[Result "1/2-1/2"]
[WhiteElo "2298"]
[BlackElo "2585"]
[TimeControl "180+1"]
[EndTime "10:04:21 PST"]
[Termination "Game drawn by agreement"]

1. e4 c5 2. Nf3 Nc6 3. Nc3 g6 4.
Bc4 Bg7 5. O-O d6 6. d3 Nf6 7. h3 O-O 8. a3 a6 9. Ba2 b5 10. Be3 Bb7 11. Qd2 e5 12. Bg5 Nd4 13. Nxd4 cxd4 14. Nd5 Bxd5 15. Bxd5 Ra7 16. f4 h6 17. Bxf6 Qxf6 18. fxe5 Qxe5 19. Rf3 Qg5 20. Qxg5 hxg5 21. Rg3 Bf6 22. Rf1 Kg7 23. Ra1 Rc7 24. Bb3 a5 25. a4 b4 1/2-1/2

[Event "*** Titled Tuesday Blitz"]
[Site "Chess.com"]
[Date "2021.02.16"]
[Round "1"]
[White "bazar-wokzal"]
[Black "Ladislav1969"]
[Result "0-1"]
[WhiteElo "2588"]
[BlackElo "2318"]
[TimeControl "180+1"]
[EndTime "10:04:22 PST"]
[Termination "Ladislav1969 won by checkmate"]

1. e4 c5 2. c3 Nf6 3. e5 Nd5 4. d4 cxd4 5. cxd4 d6 6. Bc4 Nb6 7.
Bb3 dxe5 8. Qh5 e6 9. dxe5 Nc6 10. Nc3 Nb4 11. Nf3 Qd3 12. Bd2 Bd7 13. O-O-O Ba4 14. Nxa4 Nxa4 15. Bxa4+ b5 16. Bxb4 Rc8+ 17. Bc3 Rxc3+ 18.
bxc3 Ba3# 0-1

[Event "*** Titled Tuesday Blitz"]
[Site "Chess.com"]
[Date "2021.02.16"]
[Round "1"]
[White "Kanthecarowin"]
[Black "vovachesss"]
[Result "0-1"]
[WhiteElo "2352"]
[BlackElo "2658"]
[TimeControl "180+1"]
[EndTime "10:04:23 PST"]
[Termination "vovachesss won by resignation"]

1. d4 Nf6 2. c4 e6 3. Nc3 Bb4 4. Qc2 O-O 5. e4 d6 6. a3 Bxc3+ 7. bxc3 e5 8. Bd3 Qe7 9. Ne2 b6 10. O-O Bb7 11. d5 Nbd7 12. f4 exf4 13. Bxf4 Ng4 14. e5 dxe5 15. Bxh7+ Kh8 16. Qf5 exf4 17. Rxf4 Nh6 18.
Qe4 Rae8 19. Ng3 Qc5+ 0-1

[Event "*** Titled Tuesday Blitz"]
[Site "Chess.com"]
[Date "2021.02.16"]
[Round "1"]
[White "maximnovik"]
[Black "ChampStan"]
[Result "1-0"]
[WhiteElo "2550"]
[BlackElo "2231"]
[TimeControl "180+1"]
[EndTime "10:04:30 PST"]
[Termination "maximnovik won by resignation"]

1. d4 Nf6 2. Bg5 c5 3. Bxf6 gxf6 4. d5 d6 5. c4 f5 6. Nc3 Bg7 7. e3 Nd7 8. Nh3 a6 9. Qc2 Qa5 10. Be2 Bxc3+ 11. bxc3 Nf6 12. O-O Rg8 13. Nf4 Ne4 14. Rfc1 Bd7 15. Bd3 Ba4 16. Qb2 b5 17. Rab1 Rb8 18.
Bxe4 fxe4 19. Qe2 Rg5 20. h4 Re5 21. Qg4 Kf8 22. Nh5 Rxh5 23. Qxh5 1-0

[Event "*** Titled Tuesday Blitz"]
[Site "Chess.com"]
[Date "2021.02.16"]
[Round "1"]
[White "sergiochess83"]
[Black "JimmmyZhang"]
[Result "1-0"]
[WhiteElo "2849"]
[BlackElo "2431"]
[TimeControl "180+1"]
[EndTime "10:04:35 PST"]
[Termination "sergiochess83 won by resignation"]

1. e4 c5 2. Nf3 e6 3. d4 cxd4 4. Nxd4 a6 5. c4 Nf6 6. Nc3 Qc7 7. a3 d6 8. Be3 Be7 9. f3 O-O 10. Be2 Nc6 11. O-O b6 12. Rc1 Nxd4 13. Qxd4 Nd7 14. b4 Bb7 15. Rfd1 Rfd8 16. Na4 e5 17. Qd2 Rab8 18.
Nc3 Nf6 19. Nd5 Bxd5 20. cxd5 Qb7 21. Rc6 b5 22. Rdc1 Rd7 23. Rb6 Qa8 24. Rxb8+ Qxb8 25. Rc6 Qb7 26. Qc3 Ne8 27. a4 bxa4 28. Bxa6 Qb8 29. Rc8 Rd8 30. Rxb8 Rxb8 31. Qa3 Nc7 32. Qxa4 1-0

[Event "*** Titled Tuesday Blitz"]
[Site "Chess.com"]
[Date "2021.02.16"]
[Round "1"]
[White "guillembaches"]
[Black "Eltaj_Safarli"]
[Result "0-1"]
[WhiteElo "2460"]
[BlackElo "2923"]
[TimeControl "180+1"]
[EndTime "10:04:38 PST"]
[Termination "Eltaj_Safarli won by resignation"]

1. e4 e5 2. Nf3 Nc6 3. Nc3 Nf6 4. d4 Bb4 5. Nxe5 Bxc3+ 6. bxc3 Qe7 7. Nxc6 Qxe4+ 8.
Qe2 dxc6 9. f3 Qxe2+ 10. Bxe2 Bf5 11. Bd3 Bxd3 12. cxd3 O-O-O 13. Bg5 c5 14. Bxf6 gxf6 15. O-O cxd4 16. c4 Rhe8 17. Rfe1 Re3 18. Kf2 Rde8 19.
Rxe3 Rxe3 20. Re1 Rxe1 21. Kxe1 c5 22. a4 Kc7 23. Kd2 Kb6 24. Kc2 Ka5 25. Kb3 f5 26. f4 h5 27. g3 b6 28. Ka3 a6 29. Kb3 b5 0-1

[Event "*** Titled Tuesday Blitz"]
[Site "Chess.com"]
[Date "2021.02.16"]
[Round "1"]
[White "RD4ever"]
[Black "WeAintSurePal"]
[Result "0-1"]
[WhiteElo "2859"]
[BlackElo "2454"]
[TimeControl "180+1"]
[EndTime "10:04:40 PST"]
[Termination "WeAintSurePal won on time"]

1. d4 Nf6 2. c4 e6 3. Nf3 Bb4+ 4.
Bd2 c5 5. Bxb4 cxb4 6. a3 bxa3 7. Rxa3 O-O 8. Nc3 d6 9. e3 Nc6 10. Be2 a5 11. O-O e5 12. Nb5 e4 13. Nd2 Re8 14. c5 dxc5 15. dxc5 Re5 16. Nc4 Rd5 17.
Qc2 Rxc5 0-1

[Event "*** Titled Tuesday Blitz"]
[Site "Chess.com"]
[Date "2021.02.16"]
[Round "1"]
[White "Yaacovn"]
[Black "Leo_C"]
[Result "0-1"]
[WhiteElo "2790"]
[BlackElo "2434"]
[TimeControl "180+1"]
[EndTime "10:04:45 PST"]
[Termination "Leo_C won by resignation"]

1. d4 d5 2. e3 Nf6 3. Bd3 c5 4. c3 Nc6 5. f4 Bg4 6. Nf3 e6 7. O-O cxd4 8. exd4 Bd6 9. Qe1 Bxf3 10.
Rxf3 Qc7 11. Qh4 Nxd4 12. Rg3 Kf8 13. Rxg7 Kxg7 14. Qg5+ Kf8 15. Qxf6 Rg8 16. Bxh7 Rg7 17. Qh6 Bxf4 18. Bxf4 Qxf4 0-1

[Event "*** Titled Tuesday Blitz"]
[Site "Chess.com"]
[Date "2021.02.16"]
[Round "1"]
[White "stoleriu"]
[Black "stepanosinovsky"]
[Result "1-0"]
[WhiteElo "2595"]
[BlackElo "2289"]
[TimeControl "180+1"]
[EndTime "10:04:45 PST"]
[Termination "stoleriu won on time"]

1. e4 e5 2. Nf3 Nc6 3. Bb5 a6 4. Ba4 Nf6 5. d3 b5 6. Bb3 Bc5 7. O-O d6 8. Nc3 Ne7 9. Bg5 h6 10. Bxf6 gxf6 11. Nh4 c6 12. Qh5 d5 13. Kh1 Qd6 14. f4 exf4 15. exd5 cxd5 16. Nxd5 Nxd5 17. Bxd5 Ra7 18. Rae1+ 1-0

[Event "*** Titled Tuesday Blitz"]
[Site "Chess.com"]
[Date "2021.02.16"]
[Round "1"]
[White "Supernotar"]
[Black "NovikovaGalina"]
[Result "1-0"]
[WhiteElo "2782"]
[BlackElo "2410"]
[TimeControl "180+1"]
[EndTime "10:04:46 PST"]
[Termination "Supernotar won by resignation"]

1. d4 Nf6 2. c4 d5 3. cxd5 Nxd5 4. e4 Nb6 5. Nc3 g6 6. Be3 Bg7 7.
Qd2 Nc6 8. O-O-O e5 9. d5 Nd4 10. f4 c5 11. dxc6 Nxc6 12. Qxd8+ Nxd8 13. Bb5+ Bd7 14. Bxb6 Bxb5 15. Bxd8 Bc6 16. Bc7 exf4 17. Bxf4 O-O 18.
Nf3 Rac8 19. Rhe1 b5 20. Kb1 b4 21. Nd5 Rfe8 22. g3 h6 23. Bd6 Kh7 24. Ne7 1-0

[Event "*** Titled Tuesday Blitz"]
[Site "Chess.com"]
[Date "2021.02.16"]
[Round "1"]
[White "GoltsevDmitry2000"]
[Black "semchik73"]
[Result "1-0"]
[WhiteElo "2638"]
[BlackElo "2338"]
[TimeControl "180+1"]
[EndTime "10:04:54 PST"]
[Termination "GoltsevDmitry2000 won by resignation"]

1. c4 e5 2. g3 Nf6 3. Bg2 d5 4. Nc3 d4 5. Ne4 Be7 6. Nxf6+ Bxf6 7. d3 O-O 8. Nf3 c5 9. O-O Nc6 10. Nd2 Bf5 11. Qb3 Qc7 12. Ne4 Be7 13. Bd2 h6 14. f4 Bg4 15. f5 f6 16. Rf2 Rab8 17. h3 Bh5 18. g4 Bf7 19. h4 b5 20. Qc2 bxc4 21.
dxc4 Nb4 22. Qc1 Rfd8 23. g5 hxg5 24. hxg5 Kf8 25. gxf6 gxf6 26. Bh6+ Ke8 27. a3 Nc6 28. Bg7 Na5 29. Nxf6+ Bxf6 30. Bxf6 Rd7 31. Qh6 Bg8 32. Qh8 Kf7 33. Qg7+ 1-0

[Event "*** Titled Tuesday Blitz"]
[Site "Chess.com"]
[Date "2021.02.16"]
[Round "1"]
[White "JoliyRoger"]
[Black "Msb2"]
[Result "0-1"]
[WhiteElo "2431"]
[BlackElo "2848"]
[TimeControl "180+1"]
[EndTime "10:04:55 PST"]
[Termination "Msb2 won by resignation"]

1. Nf3 d5 2. d4 Nf6 3. c4 e6 4.
cxd5 exd5 5. Nc3 c6 6. Bg5 h6 7. Bh4 Bf5 8. e3 Nbd7 9. Bd3 Bxd3 10. Qxd3 Be7 11. O-O O-O 12. Rab1 Re8 13. b4 a6 14. a4 Qc7 15. b5 axb5 16. axb5 Ra3 17. Bg3 Qa5 18.
Rfc1 Ne4 19. bxc6 bxc6 20. Rb7 Ndf6 21. Nd2 Rxc3 22. Rxc3 Qxc3 23. Qxc3 Nxc3 24. Rc7 Nce4 0-1

[Event "*** Titled Tuesday Blitz"]
[Site "Chess.com"]
[Date "2021.02.16"]
[Round "1"]
[White "ljuks68"]
[Black "Kiborg95"]
[Result "0-1"]
[WhiteElo "2390"]
[BlackElo "2734"]
[TimeControl "180+1"]
[EndTime "10:05:00 PST"]
[Termination "Kiborg95 won by checkmate"]

1. e4 d6 2. d4 Nf6 3. Nc3 Nbd7 4. f4 e5 5. Nf3 exd4 6. Qxd4 c6 7. Be3 d5 8. exd5 Bc5 9. Qd3 Qe7 10. Kd2 Bb4 11.
dxc6 bxc6 12. Nd4 Ne4+ 13. Kc1 Ndc5 14. Qe2 Bxc3 15. bxc3 Nxc3 16. Qe1 N5e4 17. Bd2 Qa3# 0-1

[Event "*** Titled Tuesday Blitz"]
[Site "Chess.com"]
[Date "2021.02.16"]
[Round "1"]
[White "woodhy"]
[Black "Indianlad"]
[Result "0-1"]
[WhiteElo "2458"]
[BlackElo "2917"]
[TimeControl "180+1"]
[EndTime "10:05:04 PST"]
[Termination "Indianlad won by resignation"]

1. e4 c6 2. d4 d5 3. Nc3 dxe4 4. Nxe4 h6 5. Bc4 Bf5 6. Ng3 Bh7 7. Nf3 e6 8. O-O Nf6 9. Ne5 Nbd7 10. f4 Be7 11. f5 Nxe5 12. dxe5 Qxd1 13. Rxd1 Ng4 14. fxe6 fxe6 15.
Bxe6 Bc5+ 16. Kf1 Rf8+ 17. Ke1 Nxe5 18. Nh5 Ke7 19. Nxg7 Bxc2 20. Bxh6 Bb4+ 21. Ke2 Bxd1+ 22. Rxd1 Kf6 23. Bb3 Kg6 24. Ne6 Kxh6 25. Nxf8 Rxf8 26. a3 Ba5 27. Bc2 Bb6 28. Rf1 Rxf1 29. Kxf1 Ng4 30. h3 Ne3+ 31. Ke2 Nxc2 0-1

[Event "*** Titled Tuesday Blitz"]
[Site "Chess.com"]
[Date "2021.02.16"]
[Round "1"]
[White "lagedema"]
[Black "LubovMarkelova"]
[Result "1-0"]
[WhiteElo "2564"]
[BlackElo "2251"]
[TimeControl "180+1"]
[EndTime "10:05:06 PST"]
[Termination "lagedema won by resignation"]

1. d4 Nf6 2. Bg5 e6 3. e4 h6 4. Bxf6 Qxf6 5. c3 d5 6. Nd2 c5 7. Ngf3 Nc6 8. Bb5 Bd7 9. exd5 exd5 10. O-O Be7 11. dxc5 O-O 12. Nb3 Bg4 13. Be2 a5 14. a4 Rad8 15. Nfd4 Bd7 16. Bb5 Rfe8 17. Re1 Qg6 18.
Qd3 Qg5 19. Qg3 Qh5 20. Bxc6 bxc6 21. Qc7 Qg6 22. Rxe7 Bh3 23. Rxe8+ Rxe8 24. Qg3 Qe4 25. gxh3 1-0